 Dungeon Crawl Stone Soup version 0.20.2-3-g29329e0561 (webtiles) character file.

7564 Alfie the Carver (level 10, -2/90 HPs)
             Began as a Minotaur Fighter on Oct 20, 2020.
             Killed from afar by an electric eel (6 damage)
             ... with a bolt of electricity
             ... on level 2 of the Lair of Beasts.
             The game lasted 00:20:34 (5755 turns).

Alfie the Carver (Minotaur Fighter)                 Turns: 5755, Time: 00:20:36

Health: -2/90      AC: 14    Str: 23    XL:     10   Next: 96%
Magic:  9/9        EV: 11    Int:  5    God:
Gold:   409        SH: 16    Dex: 11    Spells: 8/9 levels left

rFire    . . .     SeeInvis .   a - +2 long sword
rCold    . . .     Gourm    .   c - +1 shield
rNeg     . . .     Faith    .   b - +2 scale mail
rPois    .         Spirit   .   (helmet restricted)
rElec    .         Reflect  +   h - +1 cloak
rCorr    .         Harm     .   d - +0 pair of gloves
MR       +....                  (no boots)
Stlth    ..........             v - +3 amulet of reflection
Regen    0.3/turn               k - +3 ring of slaying
MPRegen  0.2/turn               q - ring of protection from magic

@: no status effects
A: retaliatory headbutt, horns 2
a: no special abilities


You were on level 2 of the Lair of Beasts.
You were not hungry.

You visited 2 branches of the dungeon, and saw 10 of its levels.

You collected 409 gold pieces.

Inventory:

Hand Weapons
 a - a +2 long sword (weapon)
Armour
 b - a +2 scale mail (worn)
 c - a +1 shield (worn)
 d - a +0 pair of gloves (worn)
 h - a +1 cloak (worn)
Jewellery
 k - a +3 ring of slaying (left hand)
 l - an uncursed amulet of faith
 q - a ring of protection from magic (right hand)
 v - a +3 amulet of reflection (around neck)
Wands
 r - a wand of enslavement (13/24)
 t - a wand of paralysis (16/24)
 y - a wand of random effects (21/48)
Scrolls
 e - 6 scrolls of remove curse
 j - a scroll of teleportation
 z - 2 scrolls of recharging {unknown}
 A - a scroll of enchant armour
Potions
 i - 3 potions of curing
 n - a potion of berserk rage {unknown}
 o - a potion of lignification {unknown}
 p - a potion of flight {unknown}
 s - 2 potions of agility
 u - 2 potions of heal wounds
 w - a potion of might
 x - 2 potions of ambrosia {unknown}
Comestibles
 f - 8 bread rations
 g - 8 royal jellies
 m - 5 meat rations


   Skills:
 + Level 8.7 Fighting
 + Level 12.4 Long Blades
 + Level 1.5 Throwing
 + Level 8.4 Armour
 + Level 4.3 Dodging
 + Level 1.0 Stealth
 + Level 10.5 Shields
 + Level 0.2 Spellcasting
 + Level 0.1 Conjurations


You had 8 spell levels left.
You knew the following spells:

 Your Spells              Type           Power        Failure   Level  Hunger
a - Magic Dart            Conj           #...         90%         1    ##.....


Dungeon Overview and Level Annotations

Branches:
Dungeon (8/15)             Temple (0/1) D:6            Lair (2/6) D:8
  Swamp (0/4) Lair:2
  Snake: Lair:2-4    Spider: Lair:2-4

Altars:
Ashenzari
Kikubaaqudgha
Nemelex Xobeh
Okawaru
Sif Muna
Vehumet

Shops:
D:5 *


Innate Abilities, Weirdness & Mutations

You reflexively headbutt those who attack you in melee.
You have a pair of horns on your head.


Message History

The bolt of electricity hits you!
The electric eel shoots out a bolt of lightning at you!
The bolt of electricity hits you! The bolt of electricity misses you.
The electric eel shoots out a bolt of lightning at you!
The bolt of electricity hits you!
Being near the torpor snail leaves you feeling lethargic.
You feel yourself speed up.
The electric eel shoots out a bolt of lightning at you!
The bolt of electricity hits you! x2
* * * LOW HITPOINT WARNING * * *
The electric eel shoots out a bolt of lightning at you!
The bolt of electricity hits the electric eel.
The electric eel completely resists.
The bolt of electricity hits you!
* * * LOW HITPOINT WARNING * * *
The electric eel shoots out a bolt of lightning at you!
The bolt of electricity hits the plant.
The bolt of electricity hits you!
* * * LOW HITPOINT WARNING * * *
The electric eel shoots out a bolt of lightning at you!
The bolt of electricity hits you!
You die...

.(..≈§§;≈...
#...§;§§§...
...≈§;;§§..
#...§§;.Yw. #
##....Y....
#.#.##.........
#......P...# .#
#.@..## ..# #.##..##
#..# #### #.##.#.#
#..##.#.P### #.##...#
#...........###..#..##
......#.##P.#...P#.##
...P...# ##........##
P..##.####.....#P...#
......##.P.....#...##


You could see 2 death yaks and 5 electric eels.

Vanquished Creatures
  Gastronok (Lair:2)
  A komodo dragon (Lair:1)
  The ghost of Alfie the Covered, an amateur MiFi (D:4)
  The ghost of Alfie the Shield-Bearer, an amateur MiFi (D:5)
  2 hippogriffs
  Grinder (D:6)
  6 yaks
  4 hogs (D:7)
  A human (D:7)
  Menkaure (D:7)
  Edmund (D:5)
  2 water moccasins (Lair:1)
  A porcupine (Lair:2)
  The ghost of Alfie the Skirmisher, an amateur MiFi (D:3)
  2 ice beasts (D:6)
  A black bear (D:6)
  2 ogres
  5 wolves (Lair:1)
  A centaur (D:7)
  2 big kobolds (D:7)
  A crocodile (Lair:1)
  2 bullfrogs
  A wyvern skeleton (D:4)
  A water moccasin skeleton (D:7)
  3 killer bees (D:7)
  A vampire bat (D:6)
  2 howler monkeys (D:7)
  A bullfrog zombie (D:5)
  3 crimson imps
  A jelly (D:7)
  A bullfrog skeleton (D:5)
  Crazy Yiuf (D:4)
  2 orc priests (D:7)
  9 orc wizards
  An iguana (D:4)
  8 worker ants
  2 hound skeletons
  2 worker ant zombies
  A howler monkey skeleton (D:5)
  9 adders
  2 adder zombies
  3 worms
  2 dart slugs
  3 leopard geckos
  22 orcs
  7 bats
  5 giant cockroaches
  4 goblins
  8 hobgoblins
  5 jackals
  12 kobolds
  5 quokkas
  2 ball pythons
  7 frilled lizards
  A quokka skeleton (D:4)
  7 rats
184 creatures vanquished.

Vanquished Creatures (others)
  2 centaurs (D:7)
2 creatures vanquished.

Grand Total: 186 creatures vanquished

Notes
Turn   | Place    | Note
-------+----------+-------------------------------------------
     0 | D:1      | Alfie the Minotaur Fighter began the quest for the Orb.
     0 | D:1      | Reached XP level 1. HP: 19/19 MP: 0/0
    86 | D:1      | Reached XP level 2. HP: 27/27 MP: 1/1
   394 | D:1      | Reached skill level 3 in Long Blades
   557 | D:2      | Reached XP level 3. HP: 22/33 MP: 2/2
  1125 | D:3      | Reached XP level 4. HP: 30/40 MP: 3/3
  1200 | D:3      | Noticed Alfie's ghost (amateur MiFi)
  1222 | D:3      | HP: 1/40 [worker ant (3)]
  1231 | D:3      | Killed Alfie's ghost
  1231 | D:3      | Reached skill level 4 in Long Blades
  1231 | D:3      | Reached XP level 5. HP: 19/47 MP: 4/4
  1715 | D:3      | Reached skill level 5 in Armour
  1715 | D:3      | Reached skill level 1 in Dodging
  2017 | D:4      | Noticed an ogre
  2032 | D:3      | Killed an ogre
  2032 | D:3      | Reached skill level 5 in Long Blades
  2032 | D:3      | Reached skill level 5 in Shields
  2032 | D:3      | Reached XP level 6. HP: 6/53 MP: 5/5
  2238 | D:4      | Noticed Alfie's ghost (amateur MiFi)
  2261 | D:4      | Killed Alfie's ghost
  2261 | D:4      | Reached skill level 5 in Fighting
  2261 | D:4      | Reached XP level 7. HP: 28/61 MP: 6/6
  2276 | D:4      | Reached skill level 6 in Long Blades
  2635 | D:4      | Found a runed door.
  2639 | D:4      | Noticed Crazy Yiuf
  2642 | D:4      | Killed Crazy Yiuf
  2750 | D:4      | Found a radiant altar of Vehumet.
  2752 | D:4      | Identified Vehumet's Grimoire of Battle Magic
  2756 | D:4      | Learned a level 1 spell: Magic Dart
  2758 | D:4      | Found an ancient bone altar of Kikubaaqudgha.
  2759 | D:4      | Found a deep blue altar of Sif Muna.
  2903 | D:5      | Entered Level 5 of the Dungeon
  2982 | D:5      | Noticed Alfie's ghost (amateur MiFi)
  3005 | D:5      | Killed Alfie's ghost
  3005 | D:5      | Reached skill level 7 in Long Blades
  3005 | D:5      | Reached XP level 8. HP: 19/69 MP: 7/7
  3087 | D:5      | Noticed Edmund
  3108 | D:5      | Killed Edmund
  3108 | D:5      | Reached skill level 1 in Stealth
  3236 | D:5      | Reached skill level 8 in Long Blades
  3652 | D:5      | Found Wuphos's Assorted Antiques.
  3793 | D:6      | Reached skill level 9 in Long Blades
  3804 | D:6      | Found a staircase to the Ecumenical Temple.
  3822 | D:6      | Reached skill level 1 in Throwing
  3822 | D:6      | Reached XP level 9. HP: 41/78 MP: 8/8
  3902 | D:6      | Reached skill level 10 in Long Blades
  3997 | D:6      | Noticed Grinder
  4029 | D:6      | Killed Grinder
  4229 | D:7      | Noticed Menkaure
  4337 | D:7      | Found a shattered altar of Ashenzari.
  4510 | D:7      | Reached skill level 11 in Long Blades
  4523 | D:7      | Reached XP level 10. HP: 52/86 MP: 9/9
  4743 | D:7      | HP: 3/88 [Menkaure (14)]
  4744 | D:7      | Killed Menkaure
  4898 | D:7      | Found a sparkling altar of Nemelex Xobeh.
  5019 | D:8      | Found an iron altar of Okawaru.
  5022 | D:8      | Found a staircase to the Lair.
  5031 | Lair:1   | Entered Level 1 of the Lair of Beasts
  5598 | Lair:2   | Reached skill level 12 in Long Blades
  5655 | Lair:2   | Noticed Gastronok
  5671 | Lair:2   | Killed Gastronok
  5671 | Lair:2   | Reached skill level 10 in Shields
  5753 | Lair:2   | Found a staircase to the Swamp.
  5753 | Lair:2   | Noticed a death yak
  5753 | Lair:2   | Noticed a death yak
  5754 | Lair:2   | Noticed a torpor snail
  5755 | Lair:2   | HP: 4/90 [electric eel/bolt of electricity (16)]
  5755 | Lair:2   | Killed from afar by an electric eel

Skill      XL: |  1  2  3  4  5  6  7  8  9 10 |
---------------+-------------------------------+-----
Shields        | 4 5 6 7 8 10 | 10.5
Armour         | 4 5 6 7 8 |  8.4
Long Blades    | 3 4 5 7 9 11 12 | 12.4
Fighting       | 4 5 6 7 8 |  8.7
Dodging        | 1 2 3 4 |  4.3
Stealth        | 1 |  1.0
Throwing       | 1 |  1.5
Spellcasting   | |  0.2
Conjurations   | |  0.1

Action                   |  1- 3 |  4- 6 |  7- 9 | 10-12 || total
-------------------------+-------+-------+-------+-------++-------
Melee: Long sword        |    77 |    89 |   328 |   112 ||   606
       Headbutt          |    13 |    13 |    77 |    26 ||   129
Throw: Tomahawk          |       |       |    11 |       ||    11
  Use: Scroll            |     2 |       |    11 |     5 ||    18
       Potion            |       |     3 |     2 |     1 ||     6
  Eat: Fruit             |     1 |     2 |       |       ||     3
       Bread ration      |       |     1 |     2 |       ||     3
       Royal jelly       |       |       |       |     1 ||     1
Armor: Scale mail        |    27 |    26 |   106 |    27 ||   186
Dodge: Dodged            |    21 |    17 |    96 |    35 ||   169
Block: Shield            |    35 |    50 |   171 |    86 ||   342
       Reflection        |       |       |     1 |     8 ||     9
       Rpst.: Long sword |     8 |     7 |    23 |    11 ||    49
